 Dungeon Crawl Stone Soup version 0.30-a0-42-g806c11bf1d (webtiles) character file.

Game seed: 16853379555429210924

468 Newt the Shooter (level 6, -1/47 HPs)
             Began as a Demonspawn Gladiator on Aug 30, 2022.
             Slain by Pikel
             ... wielding a +1 whip of flaming
              (8 damage)
             ... on level 4 of the Dungeon.
             The game lasted 00:03:56 (3355 turns).

Newt the Shooter (Demonspawn Gladiator)             Turns: 3355, Time: 00:03:56

Health: -1/47      AC:  4    Str: 14    XL:     6   Next: 81%
Magic:  6/6        EV: 12    Int:  9    God:
Gold:   142        SH:  4    Dex: 17    Spells: 5/5 levels left

rFire   . . .      SeeInvis .    k - +1 spear (venom)
rCold   . . .      Faith    .    (no shield)
rNeg    . . .      Spirit   .    b - +0 leather armour
rPois   .          Reflect  .    c - +0 helmet
rElec   .          Harm     .    (no cloak)
rCorr   .          Rampage  .    (no gloves)
Will    .....                    (no boots)
Stlth   ++........               (no amulet)
HPRegen 0.15/turn                (no ring)
MPRegen 0.10/turn                (no ring)

@: no status effects
A: claws 1, large bone plates 1, powered by pain 1
a: no special abilities


You were on level 4 of the Dungeon.
You visited 1 branch of the dungeon, and saw 4 of its levels.

You collected 142 gold pieces.

Inventory:

Hand Weapons
 a - a +0 rapier
 f - a +0 sling
 k - a +1 spear of venom (weapon)
Missiles
 d - a throwing net (quivered)
 e - 4 javelins
 i - 16 poisoned darts
 m - 3 silver javelins
Armour
 b - a +0 leather armour (worn)
 c - a +0 helmet (worn)
Scrolls
 g - 3 scrolls of identify
 n - a scroll of brand weapon {unknown}
 p - a scroll of amnesia
 q - a scroll of teleportation {unknown}
 r - a scroll of noise {unknown}
 s - a scroll of immolation {unknown}
Potions
 h - a potion of attraction
 j - a potion of mutation
 l - a potion of lignification {unknown}
 o - a potion of heal wounds {unknown}


   Skills:
 - Level 3.0 Fighting
 - Level 2.6 Short Blades
 + Level 1.3 Polearms
 - Level 4.0 Ranged Weapons
 - Level 4.0 Throwing
 - Level 2.6 Dodging
 - Level 2.0 Stealth


You had 5 spell levels left.
You didn't know any spells.
Your spell library contained the following spells:

 Spells                   Type           Power      Damage    Failure   Level
 Portal Projectile        Hex/Tloc       0%         N/A       83%         3
 Tukima's Dance           Hex            0%         N/A       83%         3
 Blade Hands              Tmut           0%         N/A       100%        5


Dungeon Overview and Level Annotations

Branches:
Dungeon (4/15)
 Temple: D:4-7

Altars:
Kikubaaqudgha
Trog
Vehumet

Shops:
D:2 =

Annotations:
D:4 1 runed translucent door, AGayBaby's ghost, amateur SpAr; Pikel


Innate Abilities, Weirdness & Mutations

You have sharp fingernails.
You are partially covered in large bone plates. (SH +4)
You sometimes gain a little power by taking damage.


Message History

The lemure is moderately wounded.
The lemure hits you. The lemure misses you.
You hit the lemure but do no damage.
The lemure looks as sick as possible!
The lemure is heavily wounded.
The lemure hits you. You block the lemure's attack.
You hit the lemure but do no damage.
The lemure looks as sick as possible!
The lemure is severely wounded.
The lemure barely misses you. The lemure hits you but does no damage.
The lemure hits you.
You barely miss the lemure.
The lemure is severely wounded.
The lemure closely misses you. The lemure hits you.
The lemure closely misses you.
You hit the lemure.
The lemure is almost dead.
You kill the lemure!
That felt strangely unrewarding.
The lemure misses you.
The lemure hits you but does no damage. x2; Pikel barely misses you.
You barely miss Pikel.
The lemure hits you. x2; The lemure hits you!
Pikel hits you with a +1 whip of flaming.
Pikel burns you.
You are too injured to fight recklessly!
There are monsters nearby!
Unknown command.
Pikel attacks as you move away!
Pikel hits you with a +1 whip of flaming.
* * * LOW HITPOINT WARNING * * *
Pikel burns you.
* * * LOW HITPOINT WARNING * * *
The lemure attacks as you move away! The lemure closely misses you.
Pikel attacks as you move away! Pikel completely misses you.
Unknown command.
Pikel attacks as you move away!
Pikel hits you with a +1 whip of flaming.
* * * LOW HITPOINT WARNING * * *
Pikel burns you.
* * * LOW HITPOINT WARNING * * *
Pikel attacks as you move away!
Pikel hits you with a +1 whip of flaming!
You die...

.....#.~.#....##.#.........
.<...#.W.#....##.#.........
....)#####....##...........
....†.........# #.....?.?..
.............^# #..........
..............# ##)...###
............## ##$......#.
.......#....####55.........
................@5.........
........)...##...K.........
.#.....#....#...##...######
.......))........##..#
.#.....#....#.##...#!#
.........#....# ##....#
..#......##.#... ......
.#......##..#..... ..##[
......# #.###.... ...


You could see Pikel and 3 lemures.

Vanquished Creatures
  Sigmund (D:2)
  A lemure (D:4)
  A howler monkey (D:3)
  An iguana (D:3)
  Jessica (D:2)
  Natasha (thrice) (D:2)
  5 adders
  2 worms (D:2)
  A dart slug (D:2)
  9 orcs
  2 ball pythons (D:2)
  A bat (D:2)
  5 endoplasms
  7 giant cockroaches
  5 goblins
  8 hobgoblins
  6 jackals
  2 quokkas
  3 frilled lizards (D:1)
  5 kobolds
  3 rats
72 creatures vanquished.

Notes
Turn   | Place    | Note
-------+----------+-------------------------------------------
     0 | D:1      | Newt the Demonspawn Gladiator began the quest for the Orb.
     0 | D:1      | Reached XP level 1. HP: 16/16 MP: 1/1
     3 | D:1      | Found a faded altar of an unknown god.
    18 | D:1      | Reached skill level 1 in Stealth
   245 | D:1      | Gained mutation: You sometimes gain a little power by
                  | taking damage. [demonic ancestry]
   245 | D:1      | Reached XP level 2. HP: 22/22 MP: 2/2
   726 | D:2      | Noticed Sigmund
   751 | D:2      | Found Nem Ypedghim's Jewellery Emporium.
   758 | D:2      | Gained mutation: You are partially covered in large bone
                  | plates. (SH +4) [demonic ancestry]
   758 | D:2      | Reached XP level 3. HP: 18/28 MP: 3/3
  1367 | D:2      | Noticed Natasha
  1670 | D:2      | Killed Natasha
  1671 | D:2      | Reached skill level 1 in Ranged Weapons
  1671 | D:2      | Gained mutation: You have sharp fingernails. [demonic
                  | ancestry]
  1671 | D:2      | Reached XP level 4. HP: 29/35 MP: 4/4
  1907 | D:2      | Killed Sigmund
  1908 | D:2      | Reached XP level 5. HP: 26/41 MP: 5/5
  2045 | D:2      | Reached XP level 6. HP: 47/47 MP: 6/6
  2056 | D:2      | Noticed Jessica
  2067 | D:2      | Killed Jessica
  2068 | D:2      | Noticed Natasha
  2077 | D:2      | Killed Natasha
  2151 | D:2      | Noticed Natasha
  2157 | D:2      | Killed Natasha
  2647 | D:3      | Found a radiant altar of Vehumet.
  2971 | D:3      | Reached skill level 1 in Polearms
  3052 | D:3      | Found a bloodstained altar of Trog.
  3101 | D:3      | Found an ancient bone altar of Kikubaaqudgha.
  3162 | D:4      | Found a runed translucent door.
  3176 | D:4      | Noticed AGayBaby's ghost (amateur SpAr)
  3341 | D:4      | Noticed Pikel
  3355 | D:4      | Slain by Pikel

Illustrated notes

Levels and vault maps discovered:
D:1:      grunt_arrival_crossed_arrows, layout_rooms,
          ebering_ecumenical_altar_abandoned
D:2:      layout_rooms, serial_shops, nicolae_shop_stone, nrook_campfire,
          uniq_natasha, uniq_jessica, uniq_sigmund
D:3:      layout_rooms, nicolae_vehumet_radiance, lightli_temple_of_fire,
          nicolae_tso_swordbearing_angel, general_overflow_altar
D:4:      layout_rooms, minmay_temple_entry_enclosed_plants,
          ebering_ghost_reflecting_pool, pf_guarded_unrand_meek, uniq_pikel,
          uniq_duvessa

Skill      XL: |  1  2  3  4  5  6 |
---------------+-------------------+-----
Stealth        | 1 2 |  2.0
Fighting       | 3 |  3.0
Ranged Weapons | 1 4 |  4.0
Throwing       | 2 4 |  4.0
Polearms       | 1 |  1.3
Short Blades   | |  2.6
Dodging        | |  2.6

Action                   |  1- 3 |  4- 6 || total
-------------------------+-------+-------++-------
Melee: Rapier            |    51 |       ||    51
       Spear             |       |   112 ||   112
 Fire: Sling             |    47 |    31 ||    78
Throw: Javelin           |       |     2 ||     2
       Throwing net      |       |     2 ||     2
  Use: Scroll            |       |     4 ||     4
       Potion            |       |     1 ||     1
 Stab: Sleeping          |       |     3 ||     3
       Distracted        |       |     2 ||     2
Armor: Leather armour    |    22 |    21 ||    43
Dodge: Dodged            |    50 |    58 ||   108
Block: Other             |     2 |    14 ||    16

Table legend: (Time is in decaauts)
 A = Elapsed time spent in this place.
 B = Non-inter-level travel time spent in this place.
 C = Inter-level travel time spent in this place.
 D = Time resting spent in this place.
 E = Time spent auto-exploring this place.
 F = Levels seen in this place.
 G = Mean time per level.
                   A        B        C        D        E       F      G
               +--------+--------+--------+--------+--------+-----+--------+
         Total |   3407 |   3326 |     81 |    860 |   1958 |   4 |  851.8 |
       Dungeon |   3407 |   3326 |     81 |    860 |   1958 |   4 |  851.8 |
               +--------+--------+--------+--------+--------+-----+--------+

Top non-repeatable levels by time:
     D:1: 1461 daAuts
     D:2: 1017 daAuts
     D:3: 734 daAuts
     D:4: 195 daAuts
